 Dungeon Crawl Stone Soup version 0.28.0-53-g5a82cb258f (webtiles) character file.

Game seed: 9280666621370146074

1320 Zeld the Fighter (level 8, -3/111 HPs)
             Began as a Minotaur Berserker on May 28, 2022.
             Was a Priest of Trog.
             Shot with a bolt by an orc warrior (19 damage)
             ... in a bailey.
             The game lasted 00:03:34 (5367 turns).

Zeld the Fighter (Minotaur Berserker)               Turns: 5367, Time: 00:03:34

Health: -3/111     AC: 12    Str: 24    XL:     8   Next: 33%
Magic:  7/7        EV:  8    Int:  4    God:    Trog [***...]
Gold:   128        SH:  0    Dex: 10    Spells: 7/7 levels left

rFire   . . .      SeeInvis .   a - +0 hand axe
rCold   . . .      Faith    .   (no shield)
rNeg    . . .      Spirit   .   b - +0 plate armour
rPois   .          Reflect  .   (helmet restricted)
rElec   .          Harm     .   (no cloak)
rCorr   .          Rampage  .   (no gloves)
Will    .....                   (no boots)
Stlth   ..........              (no amulet)
HPRegen 0.28/turn               (no ring)
MPRegen 0.10/turn               (no ring)

@: berserking, very quick
A: horns 2, retaliatory headbutt
a: Renounce Religion, Berserk, Trog's Hand


You were in a bailey.
You worshipped Trog.
Trog was most pleased with you.
You visited 1 branch of the dungeon, and saw 5 of its levels.
You also visited: Sewer, Ossuary and Bailey.

You collected 128 gold pieces.

Inventory:

Hand Weapons
 a - a +0 hand axe (weapon)
Armour
 b - a +0 plate armour (worn)
Jewellery
 m - a ring of protection from fire
 s - a ring of flight
Wands
 f - a wand of flame (23)
 j - a wand of iceblast (9)
 q - a wand of acid (6)
Scrolls
 e - a scroll of fog {unknown}
 g - 2 scrolls of enchant weapon {unknown}
 i - a scroll of noise {unknown}
 k - 3 scrolls of magic mapping {unknown}
 l - 4 scrolls of teleportation {unknown}
 o - 3 scrolls of enchant armour {unknown}
 u - a scroll of vulnerability {unknown}
 v - a scroll of immolation {unknown}
 y - 2 scrolls of identify {unknown}
 B - a scroll of holy word {unknown}
 C - a scroll of amnesia {unknown}
Potions
 c - a potion of mutation {unknown}
 d - a potion of flight {unknown}
 h - a potion of lignification {unknown}
 n - 8 potions of curing {unknown}
 p - a potion of degeneration {unknown}
 r - a potion of brilliance {unknown}
 t - a potion of heal wounds {unknown}
 w - a potion of haste {unknown}
 x - a potion of invisibility {unknown}
 z - a potion of might {unknown}
 A - a potion of cancellation {unknown}


   Skills:
 * Level 8.1 Fighting
 * Level 7.8 Axes
 + Level 5.4 Armour
 + Level 4.8 Dodging


You had 7 spell levels left.
You didn't know any spells.
Your spell library was empty.

Dungeon Overview and Level Annotations

Branches:
Dungeon (7/15)              Sewer (visited)         Ossuary (visited)
 Bailey (1/1)
 Temple: D:4-7

Altars:
Cheibriados
Sif Muna
Uskayaw

Annotations:
D:7 Prince Ribbit


Innate Abilities, Weirdness & Mutations

You have a pair of horns on your head.
You reflexively headbutt those who attack you in melee.


Message History

The orc warrior shoots a bolt.
The bolt barely misses you.
The orc warrior shoots a bolt.
The bolt hits you!
The orc warrior shoots a bolt.
The bolt hits you.
The orc warrior shoots a bolt.
The bolt closely misses you.
The orc warrior shoots a bolt.
The bolt hits you.
The orc warrior shoots a bolt.
The bolt closely misses you.
The orc warrior shoots a bolt.
The bolt hits you!
The orc warrior shoots a bolt.
The bolt hits you!
The orc warrior shoots a bolt.
The bolt hits you but does no damage.
You are too injured to fight recklessly!
You are too injured to fight recklessly!
Unknown command.
You are too injured to fight recklessly!
Unknown command.
You are too injured to fight recklessly!
The orc warrior shoots a bolt.
The bolt barely misses you.
The orc warrior unwields a +0 arbalest.
The orc warrior hits you but does no damage.
A red film seems to cover your vision as you go berserk!
You feel yourself moving faster!
You feel mighty!
The orc warrior shoots a bolt.
The bolt closely misses you.
The orc warrior shoots a bolt.
The bolt closely misses you.
You barely miss the orc warrior. You headbutt the orc warrior.
The orc warrior is lightly wounded.
The orc warrior shoots a bolt.
The bolt hits you!
* * * LOW HITPOINT WARNING * * *
The orc warrior shoots a bolt.
The bolt hits you!
* * * LOW HITPOINT WARNING * * *
The orc warrior closely misses you.
You are too injured to fight recklessly!
You are too injured to fight recklessly!
You closely miss the orc warrior. You headbutt the orc warrior.
The orc warrior is lightly wounded.
You hit the orc warrior.
The orc warrior hits you but does no damage.
The orc warrior shoots a bolt.
The bolt barely misses you.
The orc warrior unwields a +0 arbalest.
The orc warrior hits you.
* * * LOW HITPOINT WARNING * * *
The orc warrior shoots a bolt.
The bolt hits you!!
You die... #....... #......≈≈.≈ ≈...### #.....≈≈#.##≈...... #.....≈##.∩#≈...... #.....≈#..o oo.....

#.....≈##.##≈......
#.....≈≈###≈≈......
#......≈≈≈≈≈o......
#..........@o......
#..................
#.∩................
#∩.................
###################


You could see 4 orc warriors.

Vanquished Creatures
  Sigmund (D:2)
  A wraith (Ossuary)
  Pargi (Sewer)
  A phantom (D:4)
  A centaur (D:7)
  4 killer bees (D:7)
  4 wights (D:7)
  2 howler monkeys (D:7)
  A bullfrog zombie (D:7)
  A human zombie (Ossuary)
  A hound (D:4)
  Jessica (D:2)
  A scorpion zombie (D:3)
  3 mummies (Ossuary)
  5 adders
  An adder skeleton (D:4)
  A worm (D:2)
  3 dart slugs
  An orc (D:3)
  8 bats
  6 endoplasms
  5 giant cockroaches
  A gnoll zombie (Ossuary)
  9 goblins
  7 hobgoblins
  2 jackals (D:2)
  5 kobolds
  3 quokkas (D:3)
  8 ball pythons
  6 frilled lizards
  4 goblin zombies (Ossuary)
  2 hobgoblin zombies (Ossuary)
  3 kobold zombies (Ossuary)
  7 rats
110 creatures vanquished.

Vanquished Creatures (others)
  3 plants (D:4)
3 creatures vanquished.

Grand Total: 113 creatures vanquished

Notes
Turn   | Place    | Note
-------+----------+-------------------------------------------
     0 | D:1      | Zeld the Minotaur Berserker began the quest for the Orb.
     0 | D:1      | Reached XP level 1. HP: 19/19 MP: 0/0
   431 | D:1      | Reached XP level 2. HP: 25/27 MP: 1/1
   572 | D:1      | Reached skill level 4 in Fighting
   672 | D:1      | Found a faded altar of an unknown god.
  1002 | D:1      | Reached ** piety under Trog
  1157 | D:1      | Reached XP level 3. HP: 32/33 MP: 2/2
  1305 | D:2      | Found a shimmering blue altar of Sif Muna.
  1395 | D:2      | Reached XP level 4. HP: 28/41 MP: 3/3
  1542 | D:2      | Noticed Jessica
  1547 | D:2      | Killed Jessica
  1618 | D:2      | Noticed Sigmund
  1632 | D:2      | Killed Sigmund
  1633 | D:2      | Reached skill level 5 in Fighting
  1633 | D:2      | Reached skill level 5 in Axes
  1633 | D:2      | Reached XP level 5. HP: 9/50 MP: 4/4
  2185 | D:3      | Found a glowing drain.
  2196 | D:3      | Reached XP level 6. HP: 37/57 MP: 5/5
  2272 | Sewer    | Entered a sewer
  2497 | Sewer    | Noticed Pargi
  2505 | Sewer    | Killed Pargi
  2506 | Sewer    | Reached skill level 6 in Fighting
  2809 | D:3      | Found a shimmering blue altar of Sif Muna.
  2809 | D:3      | Found a snail-covered altar of Cheibriados.
  3150 | D:3      | Noticed a +0 falchion
  3152 | D:3      | Noticed a +0 spear
  3152 | D:3      | Noticed a +0 spear
  3153 | D:3      | Noticed a +0 dagger
  3153 | D:3      | Noticed a +0 short sword
  3153 | D:3      | Noticed a +0 falchion
  3153 | D:3      | Noticed a +0 dagger
  3155 | D:3      | Noticed a +0 short sword
  3161 | D:3      | Found a hide-covered altar of Uskayaw.
  3322 | D:4      | Found a sand-covered staircase.
  3336 | Ossuary  | Entered an ossuary
  3336 | Ossuary  | Noticed a wraith
  3336 | Ossuary  | Noticed a wraith
  3336 | Ossuary  | Noticed a wraith
  3507 | Ossuary  | Reached XP level 7. HP: 48/64 MP: 6/6
  3591 | Ossuary  | Reached *** piety under Trog
  3846 | Ossuary  | Noticed a wraith
  3863 | Ossuary  | Killed a wraith
  4454 | D:4      | Reached skill level 7 in Fighting
  4668 | D:4      | You fall into a shaft and drop 3 floors!
  4751 | D:7      | Reached skill level 5 in Armour
  4759 | D:7      | Reached XP level 8. HP: 24/73 MP: 7/7
  5030 | D:7      | Reached skill level 8 in Fighting
  5138 | D:7      | Noticed Prince Ribbit
  5143 | D:7      | Found a flagged portal.
  5161 | Bailey   | Entered a bailey
  5367 | Bailey   | Shot with a bolt by an orc warrior

Illustrated notes

Levels and vault maps discovered:
D:1:      dpeg_arrival_boxorama, layout_basic,
          shapermc_ecumenical_altar_mp_vishouse
D:2:      layout_rooms, basic_altar, uniq_jessica, uniq_sigmund
D:3:      layout_loops_cross, nicolae_uskayaw_en_pointe,
          nicolae_overflow_hidden_temple, portal_sewer_entry_f,
          kennysheep_generic_room_6
D:4:      layout_loops_ring, mainiacjoe_overflow_small_starburst, serial_bayou,
          serial_bayou_pond_c, serial_bayou_crossing, serial_bayou_pond_a,
          serial_bayou_pond_c, serial_bayou_pond_d,
          lightli_ossuary_entry_decrepit_ruins, st_stairs_2
D:7:      layout_rooms, enter_bailey_5, minmay_misc_feat_chi,
          uniq_prince_ribbit1
Bailey:   bailey_polearm_2, bailey

Skill      XL: |  1  2  3  4  5  6  7  8 |
---------------+-------------------------+-----
Axes           | 4 5 6 7 |  7.8
Fighting       | 4 5 6 7 8 |  8.1
Armour         | 3 4 5 |  5.4
Dodging        | 3 4 |  4.8

Action                   |  1- 3 |  4- 6 |  7- 9 || total
-------------------------+-------+-------+-------++-------
Melee: Hand axe          |    73 |   114 |   111 ||   298
       Headbutt          |     7 |    19 |    26 ||    52
       Punch             |       |     2 |     2 ||     4
Invok: Berserk           |       |     1 |     3 ||     4
       Trog's Hand       |       |       |     2 ||     2
Armor: Animal skin       |    13 |    16 |     9 ||    38
       Plate armour      |       |       |    63 ||    63
Dodge: Dodged            |    40 |    69 |    90 ||   199
